 Dungeon Crawl Stone Soup version 0.29-a0-378-gc08b2e8bf8 (webtiles) character file.

Game seed: 2061381743203705897

67 bande the Skirmisher (level 4, -1/29 HPs)
             Began as a Gargoyle Fighter on May 5, 2022.
             Slain by a gnoll
             ... wielding a +2 flail of draining
              (7 damage)
             ... on level 1 of the Dungeon.
             The game lasted 00:02:07 (1273 turns).

bande the Skirmisher (Gargoyle Fighter)             Turns: 1273, Time: 00:02:08

Health: -1/29      AC: 14    Str: 19    XL:     4   Next: 16%
Magic:  4/4        EV:  7    Int:  9    God:
Gold:   21         SH:  9    Dex: 11    Spells: 3/3 levels left

rFire   . . .      SeeInvis .   a - +0 war axe (vorpal)
rCold   . . .      Faith    .   c - +0 buckler
rNeg    + . .      Spirit   .   f - +0 chain mail
rPois   ∞          Reflect  +   (no helmet)
rElec   +          Harm     .   (no cloak)
rCorr   .          Rampage  .   h - +0 pair of gloves
Will    .....                   (no boots)
Stlth   ..........              e - amulet of reflection
HPRegen 0.09/turn               (no ring)
MPRegen 0.09/turn               (no ring)

@: no status effects
A: sickness immunity, AC +3, negative energy resistance 1, electricity
resistance, torment resistance 1, petrification resistance
a: no special abilities


You were on level 1 of the Dungeon.
You visited 1 branch of the dungeon, and saw 2 of its levels.

You collected 21 gold pieces.

Inventory:

Hand Weapons
 a - a +0 vorpal war axe (weapon)
 k - a +0 flail
Armour
 c - a +0 buckler (worn)
 f - a +0 chain mail (worn)
 h - a +0 pair of gloves (worn)
Jewellery
 e - an amulet of reflection (around neck)
Scrolls
 b - 3 scrolls of amnesia
 g - a scroll of fear {unknown}
Potions
 d - a potion of might
 i - a potion of curing
 j - a potion of heal wounds {unknown}


   Skills:
 + Level 3.8 Fighting
 + Level 2.6 Axes
 + Level 3.8 Armour
 + Level 3.8 Shields


You had 3 spell levels left.
You didn't know any spells.
Your spell library was empty.

Dungeon Overview and Level Annotations

Branches:
Dungeon (2/15)

Altars:


Innate Abilities, Weirdness & Mutations

You are immune to sickness and miasma.
Your stone body is resilient. (AC +3)
You are immune to poison.
You resist negative energy. (rN+)
You are resistant to electric shocks. (rElec)
You are resistant to unholy torment.
You are immune to petrification.


Message History

The gnoll hits you but does no damage. You block the gnoll's attack.
There is a stone staircase leading up here.
You block the kobold's attack. You block the gnoll's attack.
You climb upwards.
There is a stone staircase leading down here.
Unknown command.
You hit the gnoll.
The gnoll is heavily wounded.
You hit the kobold.
You kill the kobold!
You block the gnoll's attack.
You have reached level 4!
You feel clever.
You hit the gnoll.
You kill the gnoll!
You see here a +0 flail.
You see here a +0 flail.
k - a +0 flail
There is a stone staircase leading down here.
Things that are here:
a +0 club; a kobold corpse
Things that are here:
a +0 whip; a gnoll skeleton; an adder skeleton
There is a stone staircase leading down here.
You climb downwards.
The gnoll hits you from afar with a +1 halberd of distortion.
Space warps horribly around you!
Ouch! That really hurt!
* * * LOW HITPOINT WARNING * * *
You block the gnoll's attack.
There is a stone staircase leading up here.
The gnoll hits you but does no damage. Space warps around you.
* * * LOW HITPOINT WARNING * * *
You block the gnoll's attack.
You climb upwards.
There is a stone staircase leading down here.
You hit the gnoll.
The gnoll is moderately wounded.
The gnoll hits you with a +2 flail of draining!
You die...

#............#............
###..............###..#..(.#
#...............####.......#
#.>##.##......###..........#
##..#.#..####...#..........#
##.....######.............#
####.......#...#...........#
###.....#.##...###.......#...#
##...#.#.#..##@)##..#.##..#...#
##........##.#.)g...##....##....
#.....#.#.##....#..###..####.###
#..............##............###
#..........#..###..............#
#.........##..###...............
#.........##..##................
#.........##..#............#####
#....>....#####.########.#..####


You could see a gnoll.

Vanquished Creatures
  2 gnolls (D:1)
  2 adders
  A bat (D:1)
  5 endoplasms
  3 giant cockroaches (D:1)
  A goblin (D:1)
  2 hobgoblins (D:1)
  4 jackals (D:1)
  A quokka (D:1)
  2 ball pythons
  A frilled lizard (D:2)
  A kobold (D:1)
  A rat (D:1)
26 creatures vanquished.

Vanquished Creatures (collateral kills)
  A bat (D:1)
1 creature vanquished.

Grand Total: 27 creatures vanquished

Notes
Turn   | Place    | Note
-------+----------+-------------------------------------------
     0 | D:1      | bande the Gargoyle Fighter began the quest for the Orb.
     0 | D:1      | Reached XP level 1. HP: 14/14 MP: 1/1
   295 | D:1      | Reached XP level 2. HP: 19/19 MP: 2/2
   726 | D:1      | Reached XP level 3. HP: 24/24 MP: 3/3
  1257 | D:1      | Reached XP level 4. HP: 29/29 MP: 4/4
  1273 | D:1      | Slain by a gnoll

Illustrated notes

Levels and vault maps discovered:
D:1:      amcnicky_arrival_abandoned_market, layout_rooms, serial_glass,
          glass_columns_c, glass_columns_a, glass_columns_a, glass_columns_c,
          due_unseen_surprise, feat_on_display, minmay_strange_pillars,
          feat_on_display
D:2:      layout_basic

Skill      XL: |  1  2 |
---------------+-------+-----
Axes           | 2 |  2.6
Fighting       | |  3.8
Armour         | |  3.8
Shields        | |  3.8

Action                   |  1- 3 |  4- 6 || total
-------------------------+-------+-------++-------
Melee: War axe           |    59 |     2 ||    61
  Use: Scroll            |     5 |       ||     5
Armor: Chain mail        |    41 |     1 ||    42
Dodge: Dodged            |    19 |       ||    19
Block: Buckler           |    41 |     2 ||    43

Table legend: (Time is in decaauts)
 A = Elapsed time spent in this place.
 B = Non-inter-level travel time spent in this place.
 C = Inter-level travel time spent in this place.
 D = Time resting spent in this place.
 E = Time spent auto-exploring this place.
 F = Levels seen in this place.
 G = Mean time per level.
                   A        B        C        D        E       F      G
               +--------+--------+--------+--------+--------+-----+--------+
         Total |   1303 |   1266 |     37 |    355 |    640 |   2 |  651.5 |
       Dungeon |   1303 |   1266 |     37 |    355 |    640 |   2 |  651.5 |
               +--------+--------+--------+--------+--------+-----+--------+

Top non-repeatable levels by time:
     D:1: 1251 daAuts
     D:2: 51 daAuts
